 Dungeon Crawl Stone Soup version 0.30-a0-709-gcdc1b43e22 (webtiles) character file.

Game seed: 291307953273822501

200 Dartaoz the Trooper (level 5, -13/57 HPs)
             Began as an Ogre Gladiator on Jan 22, 2023.
             Mangled by Crazy Yiuf
             ... wielding a +4 quarterstaff of chaos
              (14 damage)
             ... on level 2 of the Dungeon.
             The game lasted 00:06:17 (2060 turns).

Dartaoz the Trooper (Ogre Gladiator)                Turns: 2060, Time: 00:06:18

Health: -13/57     AC:  3    Str: 20    XL:     5   Next: 78%
Magic:  5/5        EV: 15    Int:  9    God:
Gold:   105        SH:  0    Dex: 10    Spells: 4/4 levels left

rFire   . . .      SeeInvis .    f - +1 whip (flame)
rCold   . . .      Faith    .    (no shield)
rNeg    . . .      Spirit   .    b - +0 robe
rPois   .          Reflect  .    c - +0 hat
rElec   .          Harm     .    (no cloak)
rCorr   .          Rampage  .    (gloves unavailable)
Will    .....                    (boots unavailable)
Stlth   +                        (no amulet)
HPRegen 0.29/turn                (no ring)
MPRegen 0.09/turn                (no ring)

@: agile, lethally poisoned (-13 -> -17)
A: large, unfitting armour, tough skin 1
a: no special abilities


You were on level 2 of the Dungeon.
You visited 1 branch of the dungeon, and saw 2 of its levels.

You collected 105 gold pieces.

Inventory:

Hand Weapons
 a - a +0 flail
 f - a +1 whip of flaming (weapon)
Missiles
 d - 3 throwing nets
 e - 3 large rocks (quivered)
 j - 5 poisoned darts
Armour
 b - a +0 robe (worn)
 c - a +0 hat (worn)
Scrolls
 g - 4 scrolls of identify {unknown}
 h - a scroll of brand weapon {unknown}
Potions
 i - a potion of flight {unknown}


   Skills:
 + Level 5.3 Fighting
 + Level 4.7 Maces & Flails
 - Level 2.0 Throwing
 - Level 2.6 Dodging


You had 4 spell levels left.
You didn't know any spells.
Your spell library contained the following spells:

 Spells                   Type           Power      Damage    Failure   Level
 Shock                    Conj/Air       0%         1d3       38%         1
 Swiftness                Air            0%         N/A       77%         3
 Airstrike                Air            0%         2d(0-16)  99%         4


Dungeon Overview and Level Annotations

Branches:
Dungeon (2/15)

Altars:

Annotations:
D:2 Crazy Yiuf


Innate Abilities, Weirdness & Mutations

You are too large for most types of armour.
You have tough skin. (AC +1)


Message History

You completely miss the quokka.
The quokka bites you but does no damage.
You hit the quokka. You burn the quokka.
You kill the quokka!
No target in view!
g - 4 scrolls labelled OLARPH MAIK (gained 3)
You now have 105 gold pieces (gained 32).
Things that are here:
a +0 short sword; a kobold corpse Crazy Yiuf cries, "Buddy bag testudinal!"
As you open the door, it creaks loudly!
You hit Crazy Yiuf. You burn Crazy Yiuf.
Crazy Yiuf is lightly wounded.
Crazy Yiuf hits you with a +4 quarterstaff of chaos!
Crazy Yiuf freezes you.
You closely miss Crazy Yiuf.
Crazy Yiuf is lightly wounded.
Crazy Yiuf waves his quarterstaff at you.
Crazy Yiuf hits you with a +4 quarterstaff of chaos.
You feel agile all of a sudden.
You barely miss Crazy Yiuf. You punch Crazy Yiuf, but do no damage.
Crazy Yiuf is lightly wounded.
Crazy Yiuf hits you with a +4 quarterstaff of chaos!
Crazy Yiuf burns you.
Okay, then.
You hit Crazy Yiuf. You burn Crazy Yiuf.
Crazy Yiuf is moderately wounded.
Crazy Yiuf hits you with a +4 quarterstaff of chaos!
* * * LOW HITPOINT WARNING * * *
You are poisoned.
You hit Crazy Yiuf but do no damage.
Crazy Yiuf is moderately wounded.
You feel sick.
You hit Crazy Yiuf. You burn Crazy Yiuf.
Crazy Yiuf is heavily wounded.
You feel sick.
Crazy Yiuf hits you with a +4 quarterstaff of chaos!
* * * LOW HITPOINT WARNING * * *
You are electrocuted!
You die...

#.# #.# ####.# #.#
#....# #.# ###### ###
###♣♣♣♣♣ ##....♣.♣♣♣
###
#######......♣..♣#...#
.......^....♣♣♣♣@g...#
#######....♣♣ ♣♣#..)#
####♣♣ ### #########
........# #########


You could see Crazy Yiuf.

Vanquished Creatures
  Terence (D:2)
  Natasha (thrice) (D:2)
  Robin (D:2)
  2 adders (D:2)
  3 dart slugs
  8 ball pythons
  3 endoplasms
  6 giant cockroaches
  5 hobgoblins
  5 quokkas
  3 bats (D:1)
  3 frilled lizards
  11 goblins
  3 kobolds
  7 rats
64 creatures vanquished.

Notes
Turn   | Place    | Note
-------+----------+-------------------------------------------
     0 | D:1      | Dartaoz the Ogre Gladiator began the quest for the Orb.
     0 | D:1      | Reached XP level 1. HP: 22/22 MP: 1/1
   165 | D:1      | Reached XP level 2. HP: 26/29 MP: 2/2
   218 | D:1      | Found a faded altar of an unknown god.
   336 | D:1      | Reached skill level 3 in Fighting
   412 | D:1      | Reached XP level 3. HP: 35/37 MP: 3/3
   837 | D:2      | Noticed Natasha
   846 | D:2      | Killed Natasha
   847 | D:2      | Reached skill level 4 in Fighting
   847 | D:2      | Reached XP level 4. HP: 42/48 MP: 4/4
  1038 | D:2      | Noticed Natasha
  1047 | D:2      | Killed Natasha
  1048 | D:2      | Reached XP level 5. HP: 32/55 MP: 5/5
  1164 | D:2      | Noticed Terence
  1226 | D:2      | Noticed Natasha
  1230 | D:2      | Killed Natasha
  1234 | D:2      | Noticed Robin
  1244 | D:2      | Killed Robin
  1305 | D:2      | Killed Terence
  1306 | D:2      | Reached skill level 5 in Fighting
  1714 | D:2      | Found a runed translucent door.
  1715 | D:2      | Noticed Crazy Yiuf
  2060 | D:2      | HP: 1/57 [Crazy Yiuf/+4 quarterstaff of chaos (11)]
  2060 | D:2      | Mangled by Crazy Yiuf

Illustrated notes

Levels and vault maps discovered:
D:1:      wheals_arrival_shading, layout_loops_cross,
          shapermc_ecumenical_altar_venn
D:2:      layout_loops_ring, uniq_terence, uniq_natasha, uniq_robin,
          uniq_crazy_yiuf_cottage

Skill      XL: |  1  2  3  4  5 |
---------------+----------------+-----
Maces & Flails | 3 4 |  4.7
Fighting       | 3 4 5 |  5.3
Throwing       | |  2.0
Dodging        | |  2.6

Action                     |  1- 3 |  4- 6 || total
---------------------------+-------+-------++-------
  Melee: Whip              |    97 |   106 ||   203
         Flail             |     4 |       ||     4
         Punch             |       |     3 ||     3
  Throw: Throwing net      |     1 |       ||     1
         Large rock        |     1 |     4 ||     5
   Stab: Sleeping          |     1 |       ||     1
 Armour: Robe              |    32 |    17 ||    49
  Dodge: Dodged            |    42 |    41 ||    83

Table legend: (Time is in decaauts)
 A = Elapsed time spent in this place.
 B = Non-inter-level travel time spent in this place.
 C = Inter-level travel time spent in this place.
 D = Time resting spent in this place.
 E = Time spent auto-exploring this place.
 F = Levels seen in this place.
 G = Mean time per level.
                   A        B        C        D        E       F      G
               +--------+--------+--------+--------+--------+-----+--------+
         Total |   2069 |   2026 |     43 |      0 |   1561 |   2 | 1034.5 |
       Dungeon |   2069 |   2026 |     43 |      0 |   1561 |   2 | 1034.5 |
               +--------+--------+--------+--------+--------+-----+--------+

Top non-repeatable levels by time:
     D:2: 1350 daAuts
     D:1: 718 daAuts
